 Dungeon Crawl Stone Soup version 0.24-a0-165-g1b465fe (webtiles) character file.

Game seed: 16645414044769471808

776 Dfrag the Grave Robber (level 7, -3/61 HPs)
             Began as a Deep Dwarf Necromancer on Mar 7, 2019.
             Slain by an orc wizard
             ... wielding a +2 dagger of electrocution
              (19 damage)
             ... on level 5 of the Dungeon.
             The game lasted 00:08:17 (4038 turns).

Dfrag the Grave Robber (Deep Dwarf Necromancer)     Turns: 4038, Time: 00:08:17

Health: -3/61      AC:  5    Str: 12    XL:     7   Next: 54%
Magic:  10/14      EV: 12    Int: 17    God:
Gold:   42         SH:  0    Dex: 13    Spells: 12/16 levels left

rFire    . . .     SeeInvis .   l - +1 hand axe (chop)
rCold    . . .     Gourm    .   (no shield)
rNeg     . . .     Faith    .   a - +0 robe
rPois    +         Spirit   .   (no helmet)
rElec    .         Reflect  .   n - +1 cloak {rPois}
rCorr    .         Harm     .   (no gloves)
MR       +....                  j - +0 pair of boots
Stlth    ++........             (no amulet)
HPRegen  0.00/turn              (no ring)
MPRegen  0.14/turn              (no ring)

@: non-regenerating
A: damage resistance, heal wounds, sense surroundings 1, no regeneration
a: Heal Wounds


You were on level 5 of the Dungeon.
You were hungry.

You visited 1 branch of the dungeon, and saw 5 of its levels.

You collected 230 gold pieces.
You spent 188 gold pieces at shops.

Inventory:

Hand Weapons
 l - a +1 hand axe of chopping (weapon)
Armour
 a - a +0 robe (worn)
 j - a +0 pair of boots (worn)
 n - a +1 cloak of poison resistance (worn)
Scrolls
 d - a scroll of amnesia
 h - 3 scrolls of remove curse {unknown}
 i - 3 scrolls of teleportation {unknown}
 k - a scroll of noise {unknown}
 m - a scroll of magic mapping {unknown}
 p - 2 scrolls of enchant weapon {unknown}
 t - 2 scrolls of blinking
Potions
 b - 2 potions of degeneration
 e - 2 potions of brilliance {unknown}
 f - a potion of curing
 g - a potion of resistance
 o - a potion of might {unknown}
 q - 2 potions of heal wounds
 r - a potion of ambrosia {unknown}
 s - a potion of mutation
Comestibles
 c - 7 rations


   Skills:
 + Level 2.9 Fighting
 + Level 3.5 Axes
 - Level 2.1 Dodging
 - Level 2.4 Stealth
 - Level 5.0 Spellcasting
 - Level 6.1 Necromancy


You had 12 spell levels left.
You knew the following spells:

 Your Spells              Type           Power        Failure   Level  Hunger
a - Pain                  Necr           ####         1%          1    None
b - Vampiric Draining     Necr           ####......   3%          3    ###....

Your spell library contained the following spells:

 Spells                   Type           Power        Failure   Level  Hunger
 Animate Skeleton         Necr           N/A          1%          1    None
 Animate Dead             Necr           N/A          12%         4    ####...
 Regeneration             Chrm/Necr      Unusable     N/A         3    N/A

Dungeon Overview and Level Annotations

Branches:
Dungeon (5/15)
 Temple: D:4-7

Altars:
Elyvilon
Qazlal
Ru

Shops:
D:4 !!?(


Innate Abilities, Weirdness & Mutations

You are resistant to damage.
You can heal yourself by infusing magical energy.
You passively map a small area around you.
You do not regenerate.


Message History

You closely miss the orc.
The orc is almost dead.
The orc hits you but does no damage.
You slash the orc!
You kill the orc!
The orc wizard gestures wildly while chanting.
The orc wizard flickers and vanishes!
Deactivating autopickup; reactivate with Ctrl-A.
You hit the orc.
The orc is severely wounded.
The orc hits you with a +0 flail!
* * * LOW HITPOINT WARNING * * *
You hit the orc but do no damage.
The orc is severely wounded.
The orc hits you but does no damage.
You hit the orc but do no damage.
The orc is severely wounded.
The crimson imp blinks!
You barely miss something. Something hits you.
You are electrocuted!!
You die...

..> ,
..####### *
, *
#........, *
,* #..$....
, , ,
#..?..#**
#####.....#,
, ,
.....o....#
*
*######....#
, *
#...@)o...#,
, *
#.####ยง...#
* *,* #....#
, , , #....#
, ,####....#
* #.##....#
*, ,
#.......# ,,
* #.##....#
* *
#.......#,


You could see an orc.

Vanquished Creatures
  Grinder (D:3)
  A black bear (D:4)
  A centaur (D:4)
  A crimson imp (D:5)
  A hound (D:5)
  2 orc wizards (D:4)
  A bullfrog skeleton (D:4)
  A worker ant (D:4)
  2 iguanas (D:4)
  A hound skeleton (D:4)
  7 gnolls (D:4)
  4 adders
  3 worms
  4 dart slugs
  2 leopard geckos
  3 orcs
  A ball python (D:2)
  5 bats
  9 giant cockroaches
  5 goblins
  6 hobgoblins
  5 kobolds
  A quokka (D:3)
  3 frilled lizards
  4 rats
74 creatures vanquished.

Notes
Turn   | Place    | Note
-------+----------+-------------------------------------------
     0 | D:1      | Dfrag the Deep Dwarf Necromancer began the quest for the
                  | Orb.
     0 | D:1      | Reached XP level 1. HP: 15/15 MP: 3/3
    87 | D:1      | Reached XP level 2. HP: 16/22 MP: 0/5
   730 | D:2      | Reached XP level 3. HP: 19/28 MP: 0/7
   735 | D:2      | Learned a level 3 spell: Vampiric Draining
   928 | D:3      | Found a sacrificial altar of Ru.
  1080 | D:2      | Found a white marble altar of Elyvilon.
  1126 | D:2      | Reached skill level 5 in Necromancy
  1134 | D:2      | Found a stormy altar of Qazlal.
  1192 | D:2      | Reached XP level 4. HP: 20/36 MP: 1/8
  1920 | D:3      | Noticed Grinder
  2176 | D:4      | Reached XP level 5. HP: 10/42 MP: 3/10
  2177 | D:4      | HP: 2/42 [gnoll/+0 halberd (11)]
  2512 | D:4      | Found Biceozxe's Magic Scroll Boutique.
  2513 | D:4      | Found Exzetut's Distillery.
  2514 | D:4      | Found Humuidghu's Distillery.
  2515 | D:4      | Found Qovvanek's Antique Weapon Boutique.
  2521 | D:4      | Bought a potion of mutation for 80 gold pieces
  2525 | D:4      | Bought a potion of degeneration for 13 gold pieces
  2533 | D:4      | Bought a scroll of blinking for 75 gold pieces
  2533 | D:4      | Bought a scroll of identify for 20 gold pieces
  2670 | D:4      | Noticed a black bear
  2678 | D:4      | Killed a black bear
  2678 | D:4      | Reached skill level 6 in Necromancy
  2678 | D:4      | Reached XP level 6. HP: 17/49 MP: 4/13
  3060 | D:4      | Reached skill level 5 in Spellcasting
  3156 | D:4      | Reached skill level 1 in Fighting
  3156 | D:4      | Reached skill level 1 in Axes
  3156 | D:4      | Reached XP level 7. HP: 36/57 MP: 0/14
  3766 | D:3      | Killed Grinder
  3953 | D:5      | Entered Level 5 of the Dungeon
  4038 | D:5      | Slain by an orc wizard

Levels and vault maps discovered:
D:1:      shiori_arrival_maze, layout_basic, hangedman_decor_clover_reticule
D:2:      minmay_skewed_foursquare, layout_basic, lemuel_doored_altar,
          grunt_qazlal_sundering, first_ration
D:3:      layout_rooms, nicolae_ru_awakened_eye, uniq_grinder
D:4:      black_bear_nest_2, layout_basic, minmay_shop_grid_forest,
          corexii_leaking_fountain
D:5:      layout_basic, kennysheep_mini, minmay_temple_entry_arrows,
          due_unseen_surprise

Skill      XL: |  1  2  3  4  5  6  7 |
---------------+----------------------+-----
Spellcasting   | 2 3 4 5 |  5.0
Necromancy     | 5 6 |  6.1
Fighting       | 1 2 |  2.9
Axes           | 1 3 |  3.5
Dodging        | |  2.1
Stealth        | |  2.4

Action                   |  1- 3 |  4- 6 |  7- 9 || total
-------------------------+-------+-------+-------++-------
Melee: Unarmed           |    32 |       |       ||    32
       Hand axe          |     5 |    66 |    43 ||   114
 Cast: Pain              |    56 |    24 |       ||    80
       Vampiric Draining |     1 |    33 |     7 ||    41
 Abil: Heal Wounds       |       |       |     1 ||     1
  Use: Scroll            |       |     2 |       ||     2
       Potion            |       |       |     4 ||     4
  Eat: Chunk             |     1 |     9 |     3 ||    13
Armor: Robe              |    13 |    28 |    17 ||    58
Dodge: Dodged            |    42 |    73 |    21 ||   136

Table legend:
 A = Non-vault XP
 B = Vault XP
 C = Vault XP percentage of total XP
 D = Non-vault monster count
 E = Vault monster count
 F = Vault count percentage of total count
                 A         B        C        D         E       F
            +---------+---------+-------+---------+---------+-------
      Total |     700 |     409 |  36.9 |      66 |       8 |  10.8
            +---------+---------+-------+---------+---------+-------
        D:1 |      28 |       3 |   9.7 |      14 |       2 |  12.5
        D:2 |      71 |       8 |  10.1 |      19 |       4 |  17.4
        D:3 |      32 |     267 |  89.3 |      10 |       1 |   9.1
        D:4 |     474 |     131 |  21.7 |      20 |       1 |   4.8
        D:5 |      95 |       0 |   0.0 |       3 |       0 |   0.0
            +---------+---------+-------+---------+---------+-------
